 Dungeon Crawl Stone Soup version 0.31-a0-1237-gabc64e778c (webtiles) character file.

Game seed: 17082431525508944342

14279 croobank the Summoner (level 12, -5/81 (91) HPs)
             Began as a Gnoll Summoner on Dec 14, 2023.
             Was a Believer of Ashenzari.
             Killed from afar by a fire dragon (21 damage)
             ... with a blast of flame
             ... on level 12 of the Dungeon on Dec 16, 2023.
             The game lasted 01:44:13 (14705 turns).

croobank the Summoner (Gnoll Summoner)             Turns: 14705, Time: 01:44:13

HP:   -5/81 (91)    AC:  9    Str:  9    XL:     12   Next: 14%
MP:   33/33         EV: 14    Int: 19    God:    Ashenzari [**....]
Gold: 716           SH:  0    Dex: 12    Spells: 11/28 levels left

rFire   + . .        X - +3 broad axe (flame)
rCold   + . .        (no shield)
rNeg    . . .        U - +0 acid dragon scales
rPois   .            (no helmet)
rElec   .            Z - scarf of the Mantic Submission {rC+ rF+, Fort, Comp} (curse)
rCorr   +            o - +0 pair of gloves of the Visionary Loss {Comp, Elem} (curse)
SInv    +            (no boots)
Will    .....        K - amulet "Jealousy of Ashenzari" {RegenMP, Fort, Comp} (curse)
Stlth   +++          M - ring of magical power
HPRegen 0.33/turn    (no ring)
MPRegen 0.63/turn

%: no passive effects
@: confusing by touch, heavily drained
A: fangs 1, strong nose, distributed training
a: Renounce Religion, Shatter the Chains


You were on level 12 of the Dungeon.
You worshipped Ashenzari.
Ashenzari was pleased with you.
You visited 2 branches of the dungeon, and saw 13 of its levels.
You also visited: Ossuary.

You collected 824 gold pieces.
You spent 108 gold pieces at shops.

Inventory:

Hand Weapons
 a - a +5 trident of freezing
 g - a +0 dagger of draining
 i - a +0 hand axe of freezing
 j - a +3 hand axe
 k - a +0 dagger of pain
 r - a +3 trident
 z - a +0 short sword of draining
 H - a +2 dagger of holy wrath
 N - a +1 war axe of flaming
 O - a +2 rapier of draining
 X - a +3 broad axe of flaming (weapon)
Missiles
 d - 3 javelins
 e - 9 curare-tipped darts
 q - 4 atropa-tipped darts
 B - 15 boomerangs
 V - 39 poisoned darts
Armour
 o - the cursed +0 pair of gloves of the Visionary Loss (worn) {Comp, Elem}
   (You found it on level 2 of the Dungeon)

   It has a curse which improves the following skills: Companions: Summonings
   and Necromancy.
   Elements:  Fire Magic, Ice Magic, Air Magic and Earth Magic.
 s - a +0 buckler
 U - +0 acid dragon scales (worn)
 W - a +1 pair of gloves
 Z - the cursed scarf of the Mantic Submission (worn) {rC+ rF+, Fort, Comp}
   (You found it on level 11 of the Dungeon)

   It has a curse which improves the following skills: Fortitude: Armour and
   Shields.
   Companions: Summonings and Necromancy.
Magical Staves
 x - a staff of poison
Jewellery
 K - the cursed amulet "Jealousy of Ashenzari" (around neck) {RegenMP, Fort, Comp}
   (You found it on level 8 of the Dungeon)

   [amulet of magic regeneration]

   RegenMP:   It increases your rate of magic regeneration.
   It has a curse which improves the following skills: Fortitude: Armour and
   Shields.
   Companions: Summonings and Necromancy.
 M - a ring of magical power (left hand)
Talismans
 c - a beast talisman
 C - a granite talisman
 R - a maw talisman
Wands
 D - a wand of roots (6)
Scrolls
 h - 2 scrolls of revelation
 l - 5 scrolls of teleportation
 m - 2 scrolls of torment
 y - a scroll of fog
 I - 2 scrolls of immolation
 J - a scroll of blinking
 L - 2 scrolls of brand weapon
Potions
 b - 2 potions of magic
 f - 3 potions of attraction
 p - a potion of might
 t - 3 potions of mutation
 u - 7 potions of curing
 w - 5 potions of lignification
 F - 2 potions of brilliance
 G - 4 potions of enlightenment
 P - a potion of berserk rage


   Skills:
 + Level 7.1 Fighting
 + Level 7.1 Short Blades
 + Level 7.1 Long Blades
 + Level 7.1 Axes
 + Level 7.1 Maces & Flails
 + Level 7.1 Polearms
 + Level 7.1 Staves
 + Level 7.1 Ranged Weapons
 + Level 7.1 Throwing
 + Level 7.1(8.9) Armour
 + Level 8.5 Dodging
 + Level 8.3 Stealth
 + Level 7.1(8.9) Shields
 + Level 7.1 Unarmed Combat
 + Level 8.8 Spellcasting
 + Level 5.9 Conjurations
 + Level 5.9 Hexes
 + Level 9.3(11.7) Summonings
 + Level 5.9(8.2) Necromancy
 + Level 5.9 Translocations
 + Level 5.9 Transmutations
 + Level 5.9(7.1) Fire Magic
 + Level 5.9(7.1) Ice Magic
 + Level 5.9(7.1) Air Magic
 + Level 5.9(7.1) Earth Magic
 + Level 5.9 Poison Magic
 + Level 7.8 Invocations
 + Level 7.1 Evocations
 + Level 6.5 Shapeshifting


You had 11 spell levels left.
You knew the following spells:

 Your Spells              Type           Power      Damage    Failure   Level
a - Summon Small Mammal   Summ           100%       N/A       1%          1
b - Call Imp              Summ           100%       N/A       1%          2
c - Call Canine Familiar  Summ           52%        N/A       1%          3
d - Summon Guardian Gole  Hex/Summ       41%        N/A       1%          3
e - Summon Lightning Spi  Summ/Air       44%        N/A       2%          4
f - Apportation           Tloc           62%        N/A       1%          1
g - Confusing Touch       Hex            31%        N/A       3%          3

Your spell library contained the following spells:

 Spells                   Type           Power      Damage    Failure   Level
 Kiss of Death            Conj/Necr      100%       2d13      1%          1
 Ensorcelled Hibernation  Hex/Ice        66%        N/A       1%          2
 Jinxbite                 Hex            62%        N/A       1%          2
 Passwall                 Tmut/Erth      27%        N/A       1%          2
 Wereblood                Tmut           31%        N/A       1%          2
 Swiftness                Air            35%        N/A       1%          3
 Dazzling Flash           Conj/Hex       62%        N/A       3%          3
 Sigil of Binding         Hex            31%        N/A       3%          3
 Tukima's Dance           Hex            31%        N/A       3%          3
 Dispel Undead            Necr           39%        3d16      4%          4
 Leda's Liquefaction      Hex/Erth       16%        N/A       9%          4
 Dimensional Bullseye     Hex/Tloc       15%        N/A       11%         4
 Iskenderun's Mystic Bla  Conj/Tloc      31%        2d8       11%         4
 Passage of Golubria      Tloc           31%        N/A       11%         4
 Agony                    Necr           39%        N/A       12%         5
 Arcjolt                  Conj/Air       16%        1d26      24%         5
 Silence                  Hex/Air        16%        N/A       24%         5
 Alistair's Intoxication  Tmut/Pois      20%        N/A       30%         5
 Irradiate                Conj/Tmut      15%        3d16      30%         5
 Lehudib's Crystal Spear  Conj/Erth      16%        10d5      100%        8


Dungeon Overview and Level Annotations

Branches:
Dungeon (12/15)            Temple (1/1) D:5            Lair (0/5) D:9
    Orc (0/2) D:12        Ossuary (visited)

Altars:
Ashenzari
Cheibriados
Dithmenos
Elyvilon
Fedhas
Gozag
Hepliaklqana
Kikubaaqudgha
Makhleb
Nemelex Xobeh
Okawaru
Qazlal
Ru
Sif Muna
Trog
Uskayaw
Vehumet
Wu Jian
Xom
Yredelemnul
Zin
The Shining One

Shops:
D:5 *

Portals:
Trove: D:11 (give +7 demon blade)


Innate Abilities, Weirdness & Mutations

You have very sharp teeth.
Your uncanny sense of smell can sniff out nearby items.
Your experience applies equally to all skills.


Message History

The fire dragon is severely wounded.
Your lightning spire disappears in a puff of smoke!
The fire dragon seems less confused.
The fire dragon breathes flames at you. The blast of flame misses you.
Casting: Call Canine Familiar (safe; 1% risk of failure)
Confirm with . or Enter, or press ? or * to list all spells.
Your hands begin to glow red.
The fire dragon bites you but does no damage.
The fire dragon misses you. The fire dragon completely misses you.
You barely miss the fire dragon. You bite the fire dragon.
The fire dragon is severely wounded.
The fire dragon bites you!
* * * LOW HITPOINT WARNING * * *
The fire dragon barely misses you. The fire dragon closely misses you.
You hit the fire dragon but do no damage.
You bite the fire dragon, but do no damage.
The fire dragon is severely wounded.
The fire dragon bites you!
* * * LOW HITPOINT WARNING * * *
The fire dragon closely misses you. The fire dragon barely misses you.
Okay, then.
Okay, then.
Throw: 2 throwing nets
Press: ? - help, Q - select action, (/) - cycle Shift-Dir - straight line, f - fire dragon
Aim: a fire dragon (severely wounded, chance to confuse on hit: 26%, 69% to hit)
You throw a throwing net.
The throwing net closely misses the fire dragon.
Your familiar recovers from its injuries.
The fire dragon barely misses you. The fire dragon closely misses you.
The fire dragon tramples you but does no damage.
Throw: throwing net
Press: ? - help, Q - select action, (/) - cycle Shift-Dir - straight line, f/p - fire dragon
Aim: a fire dragon (severely wounded, chance to confuse on hit: 26%, 69% to hit)
You throw a throwing net. The throwing net hits the fire dragon.
The fire dragon is caught in the net!
The fire dragon is severely wounded.
The fire dragon breathes flames at you. The blast of flame hits you!!
You resist.
You die...

...'#.)#.'.#)#.'##[###.#........#
...#.###.#.#.#.#.....#.#.........
...#.....##...##.....#.#.........
...###############'###.#....#####
...# #(..#(#.........# ...# ∆∆∆
#..#.##.........# ...# ∆ ∆
#...#.#.....>...#. ##.# ∆∆∆
#D.#.##.######..#.
#@..#.#........... ###
###'###.>.........
#..#{#.....#...........
#..##.###.#...........
#).'.?#.[#.#..#..####
#..#.#.###b#....#...#
#.#..##.(.(8#....#...# # ###
#######.####...### ... #....#..


You could see a fire dragon (caught, catching breath).

Vanquished Creatures
  A centaur warrior (D:12)
  An ugly thing (D:11)
  A gargoyle (D:12)
  Maggie (D:10)
  An unseen horror (D:12)
  2 trolls (D:9)
  Prince Ribbit (D:5)
  A wyvern (D:11)
  A steam dragon (D:8)
  A wraith (D:9)
  2 vampire mosquitoes
  2 orc warriors (D:12)
  2 wolves (D:9)
  A bullfrog (D:7)
  9 electric eels
  3 howler monkeys
  2 hounds
  A human zombie (D:6)
  An orc priest (D:9)
  Crazy Yiuf (D:3)
  Jessica (D:3)
  4 orc wizards
  4 human skeletons (D:6)
  An adder (D:4)
  A gnoll (D:2)
  An adder zombie (Ossuary)
  A dart slug (D:3)
  6 orcs
  2 endoplasms
  A giant cockroach (D:1)
  A gnoll zombie (Ossuary)
  2 goblins (D:2)
  A hobgoblin (D:4)
  5 kobolds
  3 quokkas
  2 ball pythons (D:2)
  A bat (D:3)
  2 frilled lizards
  A goblin zombie (Ossuary)
  An orc skeleton (D:6)
  An orc zombie (D:6)
  2 rats
  A rat zombie (Ossuary)
80 creatures vanquished.

Vanquished Creatures (collateral kills)
  Pikel (D:7)
  A deep elf pyromancer (D:12)
  A cyclops (D:12)
  2 ugly things (D:12)
  A gargoyle (D:12)
  An unseen horror (D:10)
  2 trolls
  A hornet (D:9)
  4 shadows
  A wraith (D:11)
  3 wyverns
  3 yaks
  A basilisk (D:12)
  Eustachio (D:6)
  A steam dragon (D:8)
  2 vampire mosquitoes (D:12)
  2 acid dragons
  A water moccasin (D:5)
  A nameless horror (D:5)
  An ice beast (D:4)
  2 centaurs
  2 wolves (D:9)
  A lemure (D:7)
  A phantom (D:5)
  4 kobold brigands
  2 elf skeletons (D:6)
  2 bullfrogs
  3 scorpions
  3 wights (D:6)
  7 killer bees
  A howler monkey (D:9)
  3 hounds
  A jelly (D:5)
  2 orc priests
  A sleepcap (D:6)
  3 iguanas
  7 orc wizards
  3 mummies (Ossuary)
  3 gnolls (D:2)
  4 adders
  2 white imps (D:7)
  5 adder zombies (Ossuary)
  A worm (D:2)
  2 dart slugs (D:1)
  16 orcs
  3 bats
  4 endoplasms
  4 giant cockroaches
  6 goblins
  5 hobgoblins
  2 jackals (D:5)
  3 quokkas
  3 ball pythons
  2 frilled lizards (D:1)
  2 gnoll zombies (Ossuary)
  2 goblin zombies (Ossuary)
  2 hobgoblin zombies (Ossuary)
  22 kobolds
  A kobold zombie (Ossuary)
  An orc skeleton (D:6)
  2 orc zombies
  4 rats
  A rat zombie (Ossuary)
181 creatures vanquished.

Vanquished Creatures (others)
  A two-headed ogre (D:12)
  2 trolls (D:11)
  A yak (D:9)
  3 vampire mosquitoes
  An orc warrior (D:8)
  2 lemures (D:7)
  A gnoll sergeant (D:8)
  3 orc wizards
  3 gnolls (D:8)
  4 orcs
21 creatures vanquished.

Grand Total: 282 creatures vanquished

Notes
Turn   | Place    | Note
-------+----------+-------------------------------------------
     0 | D:1      | croobank the Gnoll Summoner began the quest for the Orb.
     0 | D:1      | Reached XP level 1. HP: 13/13 MP: 6/6
   139 | D:1      | Reached XP level 2. HP: 19/19 MP: 5/7
   152 | D:1      | Learned a level 2 spell: Call Imp
   359 | D:1      | Reached XP level 3. HP: 25/25 MP: 3/9
   422 | D:1      | Reached skill level 5 in Spellcasting
   477 | D:1      | Learned a level 3 spell: Call Canine Familiar
   809 | D:2      | Reached skill level 1 in Invocations
   818 | D:2      | Reached skill level 1 in Fighting
   818 | D:2      | Reached skill level 1 in Short Blades
   818 | D:2      | Reached skill level 1 in Long Blades
   818 | D:2      | Reached skill level 1 in Axes
   818 | D:2      | Reached skill level 1 in Maces & Flails
   818 | D:2      | Reached skill level 1 in Polearms
   818 | D:2      | Reached skill level 1 in Staves
   818 | D:2      | Reached skill level 1 in Ranged Weapons
   818 | D:2      | Reached skill level 1 in Throwing
   818 | D:2      | Reached skill level 1 in Armour
   818 | D:2      | Reached skill level 1 in Shields
   818 | D:2      | Reached skill level 1 in Unarmed Combat
   818 | D:2      | Reached skill level 1 in Evocations
   825 | D:2      | Reached skill level 1 in Shapeshifting
   825 | D:2      | Reached XP level 4. HP: 32/32 MP: 4/11
   892 | D:2      | Learned a level 3 spell: Summon Guardian Golem
  1209 | D:2      | Reached skill level 1 in Conjurations
  1209 | D:2      | Reached skill level 1 in Hexes
  1209 | D:2      | Reached skill level 1 in Necromancy
  1209 | D:2      | Reached skill level 1 in Translocations
  1209 | D:2      | Reached skill level 1 in Transmutations
  1209 | D:2      | Reached skill level 1 in Fire Magic
  1209 | D:2      | Reached skill level 1 in Ice Magic
  1209 | D:2      | Reached skill level 1 in Air Magic
  1209 | D:2      | Reached skill level 1 in Earth Magic
  1209 | D:2      | Reached skill level 1 in Poison Magic
  2266 | D:3      | Noticed Jessica
  2270 | D:3      | Killed Jessica
  2271 | D:3      | Reached XP level 5. HP: 37/37 MP: 12/12
  2603 | D:3      | Found a runed translucent door.
  2604 | D:3      | Noticed Crazy Yiuf
  2810 | D:4      | Learned a level 4 spell: Summon Lightning Spire
  2999 | D:4      | Reached XP level 6. HP: 24/44 MP: 9/13
  3140 | D:4      | Noticed a +0 spear
  3140 | D:4      | Noticed a +0 falchion
  3140 | D:4      | Noticed a +0 dagger
  3140 | D:4      | Noticed a +0 dagger
  3141 | D:4      | Noticed a +0 spear
  3141 | D:4      | Noticed a +0 short sword
  3142 | D:4      | Noticed a +0 short sword
  3144 | D:4      | Noticed a +0 falchion
  3215 | D:4      | Noticed an ice beast
  3229 | D:4      | Killed an ice beast
  3230 | D:4      | Reached skill level 5 in Dodging
  3424 | D:4      | Found a hide-covered altar of Uskayaw.
  3585 | D:5      | Entered Level 5 of the Dungeon
  3590 | D:5      | Noticed Prince Ribbit
  3596 | D:5      | HP: 2/44 [Prince Ribbit (12)]
  3898 | D:5      | Killed Prince Ribbit
  3899 | D:5      | Reached XP level 7. HP: 15/51 MP: 5/15
  3944 | D:5      | Reached skill level 5 in Stealth
  4036 | D:5      | Found a staircase to the Ecumenical Temple.
  4086 | Temple   | Entered the Ecumenical Temple
  4106 | Temple   | Became a worshipper of Ashenzari the Shackled
  4163 | D:5      | Reached XP level 8. HP: 25/57 MP: 3/16
  4580 | D:5      | Found Vitedgh's General Store.
  4635 | D:5      | Bought a wand of roots (3) for 108 gold pieces
  5203 | D:5      | Noticed a nameless horror
  5209 | D:5      | Killed a nameless horror
  5379 | D:5      | Found a basalt altar of Yredelemnul.
  5832 | D:6      | Found a sand-covered staircase.
  5842 | Ossuary  | Entered an ossuary
  6378 | D:6      | Reached XP level 9. HP: 65/65 MP: 12/18
  6536 | D:6      | Noticed Eustachio
  6573 | D:6      | Killed Eustachio
  6835 | D:6      | Found a shimmering altar of Xom.
  6836 | D:6      | Found a hazy altar of Hepliaklqana.
  6837 | D:6      | Noticed a spectral ugly thing
  7417 | D:7      | Reached skill level 8 in Summonings
  7426 | D:7      | Noticed Pikel
  7478 | D:7      | Killed Pikel
  7479 | D:7      | Reached skill level 5 in Invocations
  8469 | D:8      | Reached XP level 10. HP: 69/73 MP: 20/20
  8700 | D:8      | Reached * piety under Ashenzari
  8730 | D:8      | Identified the cursed +0 pair of gloves of the Visionary
                  | Loss {Comp, Elem} (You found it on level 2 of the Dungeon)
  8851 | D:8      | Reached skill level 5 in Fighting
  8851 | D:8      | Reached skill level 5 in Short Blades
  8851 | D:8      | Reached skill level 5 in Long Blades
  8851 | D:8      | Reached skill level 5 in Axes
  8851 | D:8      | Reached skill level 5 in Maces & Flails
  8851 | D:8      | Reached skill level 5 in Polearms
  8851 | D:8      | Reached skill level 5 in Staves
  8851 | D:8      | Reached skill level 5 in Ranged Weapons
  8851 | D:8      | Reached skill level 5 in Throwing
  8851 | D:8      | Reached skill level 5 in Armour
  8851 | D:8      | Reached skill level 5 in Shields
  8851 | D:8      | Reached skill level 5 in Unarmed Combat
  8851 | D:8      | Reached skill level 5 in Evocations
  9068 | D:8      | Found an opulent altar of Gozag.
  9071 | D:8      | Identified the Grimoire of Formation and Outbursts
  9576 | D:9      | Found a staircase to the Lair.
 10080 | D:9      | Reached skill level 5 in Shapeshifting
 10862 | D:10     | Entered Level 10 of the Dungeon
 10918 | D:10     | Upgraded the game from 0.31-a0-1227-g0136665373 to
                  | 0.31-a0-1237-gabc64e778c
 10940 | D:10     | Found a radiant altar of Vehumet.
 11020 | D:10     | Reached XP level 11. HP: 37/75 MP: 22/22
 11135 | D:10     | Noticed Maggie
 11149 | D:10     | Killed Maggie
 11150 | D:10     | Reached skill level 5 in Conjurations
 11150 | D:10     | Reached skill level 5 in Hexes
 11150 | D:10     | Reached skill level 5 in Necromancy
 11150 | D:10     | Reached skill level 5 in Translocations
 11150 | D:10     | Reached skill level 5 in Transmutations
 11150 | D:10     | Reached skill level 5 in Fire Magic
 11150 | D:10     | Reached skill level 5 in Ice Magic
 11150 | D:10     | Reached skill level 5 in Air Magic
 11150 | D:10     | Reached skill level 5 in Earth Magic
 11150 | D:10     | Reached skill level 5 in Poison Magic
 11972 | D:11     | Found a portal to a secret trove of treasure.
 12148 | D:11     | Noticed a white ugly thing
 12169 | D:11     | Killed a white ugly thing
 12672 | D:11     | Reached skill level 9 in Summonings
 12974 | D:12     | Noticed a deep elf pyromancer
 12981 | D:12     | Killed a deep elf pyromancer
 13032 | D:12     | Found a staircase to the Orcish Mines.
 13035 | D:12     | Reached ** piety under Ashenzari
 13188 | D:12     | Noticed a two-headed ogre
 13195 | D:12     | Killed a two-headed ogre
 13567 | D:12     | Noticed a cyclops
 13568 | D:12     | Noticed a boulder beetle
 13597 | D:12     | Identified the +7 war axe of Gallantry {flame, rC++}
 13597 | D:12     | Noticed a centaur warrior
 13601 | D:12     | Noticed a brown ugly thing
 13606 | D:12     | Noticed a brown ugly thing
 13608 | D:12     | Killed a centaur warrior
 13609 | D:12     | Reached XP level 12. HP: 30/90 MP: 24/24
 13617 | D:12     | Noticed a fire dragon
 14002 | D:3      | Killed Crazy Yiuf
 14119 | D:8      | Learned a level 1 spell: Apportation
 14673 | D:12     | Learned a level 3 spell: Confusing Touch
 14705 | D:12     | Killed from afar by a fire dragon

Illustrated notes

Levels and vault maps discovered:
D:1:      dreamdust_arrival_beginning_and_end, layout_rooms
D:2:      layout_basic, kennysheep_nub, chequers_garden, kennysheep_nondescript,
          item_on_display_a
D:3:      layout_basic, uniq_crazy_yiuf_cottage, uniq_jessica
D:4:      nicolae_cairo_tiling_large, layout_cave_pools,
          nicolae_uskayaw_en_pointe
D:5:      layout_basic, lemuel_coloured_pillars_altar,
          minmay_temple_entry_drinking_statues, serial_shops, shop,
          uniq_prince_ribbit1
D:6:      layout_loops_corners, regret_index_temple_of_mockery,
          nicolae_ossuary_entry_catacombs, uniq_eustachio
D:7:      layout_rooms, dk_rats_in_the_wall, uniq_pikel
D:8:      lemuel_ice_spiral_2, layout_basic, kennysheep_little_box
D:9:      layout_roguey, erik_lair_island, minivault_24,
          minmay_misc_feat_enclosed
D:10:     layout_big_octagon, mainiacjoe_overflow_brackets, uniq_maggie
D:11:     layout_basic, enter_trove_3
D:12:     minmay_the_grid_square_5x5_3x3 [minmay_the_grid_square_5x5_longway,
          minmay_the_grid_square_5x5_v, minmay_the_grid_square_5x5_bridge,
          minmay_the_grid_square_5x5_gyroscope,
          minmay_the_grid_square_5x5_megaprize_open,
          minmay_the_grid_square_5x5_half_checkered,
          minmay_the_grid_square_5x5_doubleslash,
          minmay_the_grid_square_5x5_lines, minmay_the_grid_square_5x5_inner_i],
          layout_grid_maze, orc_0_dummy, serial_shops, shop,
          kennysheep_generic_room_15
Temple:   regret_index_temple_sphere_string

Skill      XL: |  1  2  3  4  5  6  7  8  9 10 11 |
---------------+----------------------------------+-----
Spellcasting   | 5 6 7 8 |  8.8
Invocations    | 1 2 3 4 5 6 7 |  7.8
Fighting       | 1 2 3 4 5 7 |  7.1
Short Blades   | 1 2 3 4 5 7 |  7.1
Long Blades    | 1 2 3 4 5 7 |  7.1
Axes           | 1 2 3 4 5 7 |  7.1
Maces & Flails | 1 2 3 4 5 7 |  7.1
Polearms       | 1 2 3 4 5 7 |  7.1
Staves         | 1 2 3 4 5 7 |  7.1
Ranged Weapons | 1 2 3 4 5 7 |  7.1
Throwing       | 1 2 3 4 5 7 |  7.1
Armour         | 1 2 3 4 5 7 |  7.1
Shields        | 1 2 3 4 5 7 |  7.1
Unarmed Combat | 1 2 3 4 5 7 |  7.1
Evocations     | 1 2 3 4 5 7 |  7.1
Shapeshifting  | 1 2 3 4 5 6 |  6.5
Conjurations   | 1 2 3 4 5 |  5.9
Hexes          | 1 2 3 4 5 |  5.9
Necromancy     | 1 2 3 4 5 |  5.9
Translocations | 1 2 3 4 5 |  5.9
Transmutations | 1 2 3 4 5 |  5.9
Fire Magic     | 1 2 3 4 5 |  5.9
Ice Magic      | 1 2 3 4 5 |  5.9
Air Magic      | 1 2 3 4 5 |  5.9
Earth Magic    | 1 2 3 4 5 |  5.9
Poison Magic   | 1 2 3 4 5 |  5.9
Dodging        | 5 6 7 8 |  8.5
Stealth        | 5 6 7 8 |  8.3
Summonings     | 8 9 |  9.3

Action                     |  1- 3 |  4- 6 |  7- 9 | 10-12 || total
---------------------------+-------+-------+-------+-------++-------
  Melee: Unarmed           |     7 |       |       |       ||     7
         Dagger            |    16 |    89 |    49 |       ||   154
         Bite              |     6 |     9 |    21 |    18 ||    54
         Punch             |     1 |       |     2 |    10 ||    13
         Short sword       |       |       |    82 |   112 ||   194
         Broad axe         |       |       |       |    14 ||    14
  Throw: Dart              |     1 |       |       |       ||     1
         Throwing net      |       |     2 |       |     4 ||     6
   Cast: Summon Small Mamm |    24 |    17 |    27 |     8 ||    76
         Call Imp          |     8 |    12 |    20 |    10 ||    50
         Call Canine Famil |     2 |    13 |    22 |    21 ||    58
         Summon Lightning  |       |     6 |    28 |    34 ||    68
         Summon Guardian G |       |     3 |     7 |    19 ||    29
         Apportation       |       |       |       |     5 ||     5
         Confusing Touch   |       |       |       |     2 ||     2
 Invoke: Curse Item        |       |       |     1 |     2 ||     3
  Evoke: Wand              |       |       |     1 |    30 ||    31
    Use: Potion            |       |       |     1 |     7 ||     8
         Scroll            |       |       |    16 |     9 ||    25
   Stab: Sleeping          |     1 |    10 |     7 |     5 ||    23
         Distracted        |       |       |     1 |     2 ||     3
         Confused          |       |       |       |     1 ||     1
 Armour: Robe              |    10 |    69 |    75 |   110 ||   264
         Acid dragon scale |       |       |       |    34 ||    34
  Dodge: Dodged            |    11 |    86 |    83 |   125 ||   305
   Form: Beast             |     1 |       |     1 |       ||     2
                           |       |       |     1 |     1 ||     2

Table legend: (Time is in decaauts)
 A = Elapsed time spent in this place.
 B = Non-inter-level travel time spent in this place.
 C = Inter-level travel time spent in this place.
 D = Time resting spent in this place.
 E = Time spent auto-exploring this place.
 F = Levels seen in this place.
 G = Mean time per level.
                   A        B        C        D        E       F      G
               +--------+--------+--------+--------+--------+-----+--------+
         Total |  14626 |  13781 |    845 |   2673 |   8155 |  14 | 1044.7 |
       Dungeon |  14275 |  13455 |    820 |   2617 |   8054 |  12 | 1189.6 |
        Temple |     33 |      8 |     25 |      0 |      7 |   1 |   33.0 |
       Ossuary |    317 |    317 |      0 |     56 |     94 |   1 |  317.0 |
               +--------+--------+--------+--------+--------+-----+--------+

Top non-repeatable levels by time:
     D:8: 1968 daAuts
     D:9: 1556 daAuts
     D:5: 1533 daAuts
     D:6: 1522 daAuts
    D:11: 1424 daAuts
     D:4: 1172 daAuts
     D:3: 1003 daAuts
    D:12: 953 daAuts
     D:2: 946 daAuts
     D:1: 763 daAuts
     D:7: 742 daAuts
    D:10: 687 daAuts
 Ossuary: 317 daAuts
  Temple: 33 daAuts
